 Seeded DCSS version 0.30-a0-269-gf0224bf7b6 (webtiles) character file.

Game seed: 2039437283393860379 (custom seed)

2350 purpskrrrp the Covert (level 9, 0/46 HPs)
             Began as a Vine Stalker Brigand on Oct 14, 2022.
             Slain by an orc warrior
             ... wielding a +0 dire flail
              (6 damage)
             ... on level 7 of the Dungeon.
             The game lasted 00:09:41 (4587 turns).

purpskrrrp the Covert (Vine Stalker Brigand)        Turns: 4587, Time: 00:09:42

Health: 0/46       AC:  6    Str: 10    XL:     9   Next: 43%
Magic:  0/10       EV: 17    Int: 15    God:
Gold:   181        SH:  5    Dex: 19    Spells: 8/8 levels left

rFire   . . .      SeeInvis .    a - +2 dagger
rCold   . . .      Faith    .    (no shield)
rNeg    . . .      Spirit   +    e - +0 leather armour of the Mauling Gods {+Inv Str-3 Slay+3}
rPois   .          Reflect  +    (no helmet)
rElec   .          Harm     .    c - +1 cloak
rCorr   .          Rampage  .    u - +0 pair of gloves
Will    +....                    (no boots)
Stlth   ++++......               j - amulet of reflection
HPRegen 1.07/turn                k - +4 ring of slaying
MPRegen 0.12/turn                s - +4 ring of evasion

@: no status effects
A: fangs 3, regeneration 1, magic shield, antimagic bite, no potion heal 2,
clever 1, mutation resistance 1
a: Evoke Invisibility


You were on level 7 of the Dungeon.
You visited 1 branch of the dungeon, and saw 7 of its levels.

You collected 306 gold pieces.
You spent 125 gold pieces at shops.

Inventory:

Hand Weapons
 a - a +2 dagger (weapon)
Armour
 b - a +0 robe
 c - a +1 cloak (worn)
 e - the +0 leather armour of the Mauling Gods (worn) {+Inv Str-3 Slay+3}
   (You found it on level 3 of the Dungeon)

   Str:       It affects your strength (-3).
   Slay:      It affects your accuracy & damage with ranged weapons and melee
   (+3).
   +Inv:      It lets you turn invisible.
 u - a +0 pair of gloves (worn)
Jewellery
 d - a ring of flight
 j - an amulet of reflection (around neck)
 k - a +4 ring of slaying (left hand)
 l - a ring of magical power
 s - a +4 ring of evasion (right hand)
 v - a ring of ice
Scrolls
 f - a scroll of butterflies {unknown}
 h - 3 scrolls of silence {unknown}
 o - a scroll of identify
 q - 5 scrolls of teleportation
Potions
 g - 3 potions of curing
 i - a potion of ambrosia
 m - a potion of cancellation
 n - a potion of berserk rage {unknown}
 p - a potion of heal wounds {unknown}
 r - a potion of magic {unknown}
 t - a potion of flight {unknown}


   Skills:
 + Level 4.9 Fighting
 * Level 6.8 Short Blades
 + Level 4.8 Throwing
 + Level 4.1 Dodging
 + Level 8.1 Stealth


You had 8 spell levels left.
You didn't know any spells.
Your spell library contained the following spells:

 Spells                   Type           Power      Damage    Failure   Level
 Freeze                   Ice            0%         1d3       36%         1
 Sublimation of Blood     Necr           0%         N/A       50%         2
 Wereblood                Tmut           0%         N/A       50%         2
 Frozen Ramparts          Ice            0%         1d1       73%         3
 Hailstorm                Conj/Ice       0%         3d3       73%         3
 Malign Gateway           Summ/Tloc      0%         N/A       100%        7
 Summon Hydra             Summ           0%         N/A       100%        7
 Summon Horrible Things   Summ           0%         N/A       100%        8


Dungeon Overview and Level Annotations

Branches:
Dungeon (7/15)             Temple (0/1) D:6

Altars:
Ashenzari
Dithmenos
Hepliaklqana
Makhleb
Sif Muna
The Shining One

Shops:
D:3 *[


Innate Abilities, Weirdness & Mutations

You have razor-sharp teeth.
Your natural rate of healing is unusually fast.
When hurt, damage is shared between your health and your magic reserves.
Your bite disrupts and absorbs the magic of your enemies.
Potions cannot restore your health.
Your mind is acute. (Int +4, Str/Dex -1)
You are somewhat resistant to further mutation.


Message History

You are too injured to fight recklessly!
You are too injured to fight recklessly!
You are too injured to fight recklessly!
You are too injured to fight recklessly!
You are too injured to fight recklessly!
You are too injured to fight recklessly!
You are too injured to fight recklessly!
You are too injured to fight recklessly!
You are too injured to fight recklessly!
You are too injured to fight recklessly!
You are too injured to fight recklessly!
You are too injured to fight recklessly!
You are too injured to fight recklessly!
The orc wizard attacks as you move away!
The orc wizard hits you with a +0 dagger.
* * * LOW HITPOINT WARNING * * *
The orc wizard attacks as you move away!
The orc wizard hits you but does no damage.
The orc warrior attacks as you move away!
The orc warrior barely misses you.
The shadow slips into darkness.
The shadow flickers and vanishes!
Deactivating autopickup; reactivate with Ctrl-A.
The orc warrior attacks as you move away!
The orc warrior closely misses you. You block the orc's attack.
You hit the orc warrior but do no damage.
You bite the orc warrior, but do no damage.
The orc warrior is almost dead.
You hit the orc warrior but do no damage.
You bite the orc warrior. You drain its power.
You feel invigorated.
The orc warrior is almost dead.
The orc warrior hits you with a +0 dire flail!
* * * LOW HITPOINT WARNING * * *
You block the orc's attack.
You have no ailments to cure.
You have no ailments to cure.
The orc attacks as you move away! The orc hits you with a +0 short sword.
* * * LOW HITPOINT WARNING * * *
The orc warrior hits you with a +0 dire flail!
You die...

....# ....# #.^ ....##
##.# .../.## #..#
..)(... ###..# ...$..#
# .....#########....#
#. #....@.oo..).<..#
###.###..#.#o#......?.#
.....#.....{......####
# #.#.#......####......
# #....)###### #...###
# ###.### #...# ##
#...# #...# #.
###.####### #...# #.
#..)))..# #...# #.


You could see an orc warrior, an orc wizard and an orc.

Vanquished Creatures
  A wyvern (D:7)
  A water moccasin (D:7)
  A black bear (D:7)
  2 ice beasts (D:5)
  A sky beast (D:7)
  An ogre (D:5)
  3 phantoms
  2 bullfrogs (D:6)
  A gnoll sergeant (D:7)
  5 scorpions
  4 wights (D:7)
  2 howler monkeys
  A jelly (D:5)
  4 hounds
  A gnoll bouda (D:5)
  3 iguanas
  Natasha (thrice) (D:2)
  5 orc wizards
  4 adders
  10 gnolls
  A shadow imp (D:6)
  A white imp (D:5)
  2 worms (D:2)
  A dart slug (D:4)
  11 orcs
  4 ball pythons
  3 endoplasms
  A giant cockroach (D:4)
  5 goblins
  5 hobgoblins
  3 quokkas
  5 bats
  A frilled lizard (D:3)
  2 kobolds
  3 rats
  A butterfly (D:6)
104 creatures vanquished.

Vanquished Creatures (others)
  3 plants (D:2)
3 creatures vanquished.

Grand Total: 107 creatures vanquished

Notes
Turn   | Place    | Note
-------+----------+-------------------------------------------
     0 | D:1      | purpskrrrp the Vine Stalker Brigand began the quest for the
                  | Orb.
     0 | D:1      | Reached XP level 1. HP: 11/11 MP: 2/2
   222 | D:1      | Reached skill level 1 in Dodging
   222 | D:1      | Reached XP level 2. HP: 15/15 MP: 3/3
   301 | D:1      | Reached skill level 5 in Stealth
   794 | D:2      | Noticed Natasha
   799 | D:2      | Killed Natasha
   800 | D:2      | Reached XP level 3. HP: 14/18 MP: 4/4
   991 | D:2      | Noticed Natasha
   999 | D:2      | Killed Natasha
  1000 | D:2      | Gained mutation: Your natural rate of healing is unusually
                  | fast. [Vine Stalker growth]
  1000 | D:2      | Reached XP level 4. HP: 23/23 MP: 5/5
  1124 | D:2      | Noticed Natasha
  1128 | D:2      | Killed Natasha
  1304 | D:2      | Reached XP level 5. HP: 27/27 MP: 6/6
  1802 | D:3      | Found Imecui's Assorted Antiques.
  1806 | D:3      | Bought a glowing sapphire ring for 125 gold pieces
  1830 | D:3      | Found Weufix's Armour Emporium.
  1950 | D:3      | Identified the +0 leather armour of the Mauling Gods {+Inv
                  | Str-3 Slay+3}
  1964 | D:3      | Found a burning altar of Makhleb.
  2040 | D:3      | Found a broken altar of Ashenzari.
  2429 | D:4      | Reached XP level 6. HP: 32/32 MP: 7/7
  2518 | D:4      | Reached skill level 6 in Stealth
  2686 | D:4      | Reached XP level 7. HP: 35/36 MP: 6/8
  2942 | D:4      | Found a shimmering blue altar of Sif Muna.
  3037 | D:5      | Entered Level 5 of the Dungeon
  3242 | D:5      | Gained mutation: You have razor-sharp teeth. [Vine Stalker
                  | growth]
  3242 | D:5      | Reached XP level 8. HP: 18/42 MP: 6/9
  3248 | D:5      | Reached skill level 5 in Short Blades
  3303 | D:5      | Reached skill level 7 in Stealth
  3590 | D:5      | Gained mutation: You are somewhat resistant to further
                  | mutation. [potion of mutation]
  3590 | D:5      | Gained mutation: Your mind is acute. (Int +4, Str/Dex -1)
                  | [potion of mutation]
  3610 | D:6      | Found a shadowy altar of Dithmenos.
  3811 | D:6      | Found a staircase to the Ecumenical Temple.
  3845 | D:6      | Found a hazy altar of Hepliaklqana.
  4188 | D:7      | Noticed a wyvern
  4195 | D:7      | Killed a wyvern
  4196 | D:7      | Reached XP level 9. HP: 30/46 MP: 8/10
  4290 | D:7      | Reached skill level 8 in Stealth
  4329 | D:7      | Found a glowing golden altar of the Shining One.
  4587 | D:7      | Slain by an orc warrior

Illustrated notes

Levels and vault maps discovered:
D:1:      minmay_arrival_semitransparent, layout_loops_ring
D:2:      layout_basic, serial_forest, infiniplex_forest_join,
          infiniplex_forest_pool, infiniplex_forest_clump_small,
          infiniplex_forest_end_1, infiniplex_forest_zigzag_2, uniq_natasha
D:3:      layout_loops_cross, lemuel_round_altar, overflow_temple_1_default,
          serial_shops, shop, shop
D:4:      layout_cave_pools, led_sif_pool, nicolae_figureground_sparkle
D:5:      layout_cave_pools
D:6:      layout_rooms, grunt_dithmenos_shadows, nzn_hepliaklqana_mist_gate,
          minmay_temple_entry_butterflies, minivault_27
D:7:      layout_loops_cross, mainiacjoe_overflow_chevrons, lemuel_tele_altar,
          uniq_duvessa

Skill      XL: |  1  2  3  4  5  6  7  8  9 |
---------------+----------------------------+-----
Dodging        | 1 2 3 4 |  4.1
Short Blades   | 2 3 4 6 |  6.8
Stealth        | 5 6 7 8 |  8.1
Fighting       | 2 3 4 |  4.9
Throwing       | 2 3 4 |  4.8

Action                   |  1- 3 |  4- 6 |  7- 9 || total
-------------------------+-------+-------+-------++-------
Melee: Dagger            |    17 |    56 |   142 ||   215
       Bite              |     3 |    21 |    50 ||    74
       Punch             |     1 |     2 |     1 ||     4
Throw: Dart              |    44 |    37 |    26 ||   107
       Javelin           |     4 |    14 |    30 ||    48
       Boomerang         |       |     5 |       ||     5
  Use: Scroll            |     3 |     4 |     3 ||    10
       Potion            |       |     1 |     2 ||     3
 Stab: Sleeping          |       |       |     1 ||     1
Armor: Robe              |     1 |       |       ||     1
       Leather armour    |       |     3 |    12 ||    15
Dodge: Dodged            |     6 |    21 |    78 ||   105
Block: Other             |       |     7 |    20 ||    27
       Reflection        |       |     1 |       ||     1

Table legend: (Time is in decaauts)
 A = Elapsed time spent in this place.
 B = Non-inter-level travel time spent in this place.
 C = Inter-level travel time spent in this place.
 D = Time resting spent in this place.
 E = Time spent auto-exploring this place.
 F = Levels seen in this place.
 G = Mean time per level.
                   A        B        C        D        E       F      G
               +--------+--------+--------+--------+--------+-----+--------+
         Total |   4520 |   4228 |    292 |     65 |   3469 |   7 |  645.7 |
       Dungeon |   4520 |   4228 |    292 |     65 |   3469 |   7 |  645.7 |
               +--------+--------+--------+--------+--------+-----+--------+

Top non-repeatable levels by time:
     D:2: 972 daAuts
     D:3: 742 daAuts
     D:1: 734 daAuts
     D:4: 555 daAuts
     D:6: 543 daAuts
     D:5: 542 daAuts
     D:7: 429 daAuts
